 Dungeon Crawl Stone Soup version 0.24.0-125-gc4c63601f3 (webtiles) character file.

Game seed: 4831343493157681258, levelgen mode: deterministic

91 Frank2 the Cudgeler (level 4, -1/34 HPs)
             Began as a Demonspawn Gladiator on Mar 1, 2020.
             Slain by a bullfrog (4 damage)
             ... in a sewer.
             The game lasted 00:03:38 (1927 turns).

Frank2 the Cudgeler (Demonspawn Gladiator)          Turns: 1927, Time: 00:03:38

Health: -1/34      AC:  7    Str: 14    XL:     4   Next: 33%
Magic:  4/4        EV: 13    Int:  9    God:
Gold:   118        SH:  0    Dex: 16    Spells: 3/3 levels left

rFire    . . .     SeeInvis .   a - +0 flail
rCold    . . .     Gourm    .   (no shield)
rNeg     + . .     Faith    .   m - +0 ring mail
rPois    .         Spirit   .   c - +1 helmet
rElec    .         Reflect  .   (no cloak)
rCorr    .         Harm     .   (no gloves)
MR       +....                  (no boots)
Stlth    +.........             (no amulet)
HPRegen  0.11/turn              k - ring of protection from magic
MPRegen  0.09/turn              n - ring of positive energy

@: very slightly contaminated, invisible, very slow
A: talons 1, sturdy frame 1
a: no special abilities


You were in a sewer.
You were hungry.

You visited 1 branch of the dungeon, and saw 3 of its levels.
You also visited: Sewer.

You collected 118 gold pieces.

Inventory:

Hand Weapons
 a - a +0 flail (weapon)
Missiles
 d - a throwing net (quivered)
Armour
 c - a +1 helmet (worn)
 m - a +0 ring mail (worn)
Jewellery
 k - a ring of protection from magic (left hand)
 n - a ring of positive energy (right hand)
 o - an uncursed ring of protection from cold {unknown}
Scrolls
 g - a scroll of fog
 h - a scroll of remove curse {unknown}
Potions
 e - a potion of heal wounds {unknown}
 i - a potion of invisibility
 j - a potion of resistance {unknown}
 l - 2 potions of lignification {unknown}
Comestibles
 b - 3 chunks of flesh
 f - 4 rations


   Skills:
 + Level 2.4 Fighting
 + Level 3.9 Maces & Flails
 - Level 1.7 Throwing
 + Level 0.4 Armour
 + Level 3.4 Dodging


You had 3 spell levels left.
You didn't know any spells.
Your spell library was empty.

Dungeon Overview and Level Annotations

Branches:
Dungeon (3/15)              Sewer (1/1)

Altars:
Uskayaw


Innate Abilities, Weirdness & Mutations

You have sharp toenails.
Your movements are slightly less encumbered by armour. (ER -2)


Message History

Throwing (i - inventory)
d - 2 throwing nets (quivered)
Press: ? - help, Shift-Dir - straight line, f/p - bullfrog
Aim: a bullfrog (lightly wounded)
You throw a throwing net. The throwing net hits the bullfrog.
The bullfrog is caught in the net!
The bullfrog is lightly wounded.
You hear a splash.
The bullfrog struggles against the net. x3
You sock the bullfrog! You claw the bullfrog.
The bullfrog is severely wounded.
The bullfrog struggles against the net.
The net rips apart, and the bullfrog comes free!
The bullfrog completely misses you. The bullfrog hits you.
* * * LOW HITPOINT WARNING * * *
The bullfrog hits you but does no damage.
The bullfrog hits you.
* * * LOW HITPOINT WARNING * * *
The bullfrog hits you but does no damage.
The bullfrog closely misses you. The bullfrog hits you.
You die...

#..≈≈≈≈≈≈≈≈≈†≈≈≈≈≈≈≈≈≈.#
#.≈≈≈≈≈≈≈≈≈≈≈≈≈≈≈≈≈≈≈≈.#
#.≈≈≈≈≈≈≈≈≈≈≈≈≈≈≈≈≈≈≈≈≈#
#.≈≈≈≈..†≈≈≈≈≈≈≈≈≈.≈≈≈≈#
#.≈≈≈.≈≈≈≈≈≈≈≈########.#
#.≈≈≈.≈≈≈≈≈≈≈≈≈## #.#
#.≈≈≈≈≈≈≈≈≈≈≈≈≈≈# #.#
#.≈≈≈≈≈≈≈≈≈≈≈≈≈≈# #≈#
#.≈≈≈≈≈≈≈@≈≈≈≈≈≈≈# #.#
#†≈≈≈≈≈≈FF≈≈≈.∩≈≈# #≈#
#.≈≈≈≈≈≈≈≈..≈.≈≈≈# #.#
#.≈≈≈≈≈≈≈.≈≈.≈≈≈≈≈# #.#
### #.≈≈≈≈≈≈≈.≈≈≈≈≈≈≈≈#
#.# #.#
#.≈≈≈≈≈≈≈.≈[.≈≈≈≈≈# #.#
#∩# #.≈≈≈≈≈≈≈≈=!?.≈≈≈≈
#.# #.#
#.≈≈≈≈≈≈≈≈.$.≈≈≈≈ #.#
#∩# #.≈≈≈.≈≈≈≈≈.≈.≈≈ #.#


You could see 2 bullfrogs.

Vanquished Creatures
  An adder (D:2)
  3 oozes
  2 dart slugs
  4 leopard geckos (Sewer)
  5 giant cockroaches
  A goblin (D:1)
  4 hobgoblins
  9 jackals
  3 kobolds
  2 quokkas
  5 ball pythons (Sewer)
  7 bats
  11 frilled lizards
  2 rats
59 creatures vanquished.

Notes
Turn   | Place    | Note
-------+----------+-------------------------------------------
     0 | D:1      | Frank2 the Demonspawn Gladiator began the quest for the
                  | Orb.
     0 | D:1      | Reached XP level 1. HP: 16/16 MP: 1/1
   125 | D:1      | Gained mutation: Your movements are slightly less
                  | encumbered by armour. (ER -2) [demonic ancestry]
   125 | D:1      | Reached XP level 2. HP: 14/22 MP: 2/2
   861 | D:2      | Noticed a +0 hand axe
   861 | D:2      | Noticed a +0 dagger
   862 | D:2      | Found a hide-covered altar of Uskayaw.
   864 | D:2      | Gained mutation: You have sharp toenails. [demonic
                  | ancestry]
   864 | D:2      | Reached XP level 3. HP: 27/27 MP: 3/3
  1625 | D:3      | Reached XP level 4. HP: 33/33 MP: 4/4
  1681 | D:3      | Found a glowing drain.
  1688 | Sewer    | Entered a sewer
  1915 | Sewer    | Noticed a bullfrog
  1916 | Sewer    | Noticed a bullfrog
  1927 | Sewer    | Slain by a bullfrog

Levels and vault maps discovered:
D:1:      dpeg_arrival_radiant, layout_loops_corners
D:2:      layout_basic, dancing_weapons_uskayaw, first_ration, item_on_display_a
D:3:      layout_basic, portal_sewer_entry_e, grunt_decor_mini_mirrors
Sewer:    sewer_frog_island_01

Skill      XL: |  1  2 |
---------------+-------+-----
Maces & Flails | 3 |  3.9
Dodging        | 3 |  3.4
Fighting       | |  2.4
Throwing       | |  1.7
Armour         | |  0.4

Action                   |  1- 3 |  4- 6 || total
-------------------------+-------+-------++-------
Melee: Flail             |   110 |    55 ||   165
       Kick              |    13 |    10 ||    23
Throw: Throwing net      |       |     2 ||     2
  Use: Scroll            |     7 |       ||     7
       Potion            |       |     1 ||     1
 Stab: Sleeping          |     2 |       ||     2
  Eat: Chunk             |     2 |     1 ||     3
Armor: Leather armour    |    51 |       ||    51
       Ring mail         |       |    41 ||    41
Dodge: Dodged            |   111 |    81 ||   192
